 Dungeon Sprint DCSS version 0.21-a0-228-g14ccbf3 (webtiles) character file.

270 terra52 the Ducker (level 6, 0/49 HPs)
             Began as an Octopode Fighter on Aug 31, 2017.
             Was a Follower of Jiyva.
             Slain by an ice devil (12 damage)
             ... summoned by a kobold demonologist
             ... in the Dungeon (Sprint I: "Red Sonja").
             The game lasted 00:01:30 (545 turns).

terra52 the Ducker (Octopode Fighter)                Turns: 545, Time: 00:01:30

Health: 0/49       AC: -3    Str: 17    XL:     6   Next: 22%
Magic:  6/6        EV: 15    Int: 10    God:    Jiyva [*.....]
Gold:   189        SH: 10    Dex: 12    Spells: 5/5 levels left

rFire    . . .     SeeInvis .     - Unarmed
rCold    . . .     Gourm    .   a - +0 shield
rNeg     . . .     Faith    .   (helmet restricted)
rPois    .         Spirit   .   (no amulet)
rElec    .         Reflect  .   (no ring)
rCorr    .         Harm     .   (no ring)
MR       .....     NoTele   +   (no ring)
Stlth    +++.......             (no ring)
HPRegen  0.16/turn              (no ring)
MPRegen  0.10/turn              (no ring)
                                (no ring)
                                (no ring)

@: corroded
A: almost no armour, stealthy swim, amphibious, 8 rings, constrict 8, camouflage
1, gelatinous body 1
a: Request Jelly, Renounce Religion


You were in the Dungeon.
You worshipped Jiyva.
Jiyva was aware of your devotion.
You were not hungry.

You visited 1 branch You collected 189 gold pieces.

Inventory:

Armour
 a - a +0 shield (worn)
 j - a +0 leather armour
Wands
 k - a wand of digging (10/24)
Scrolls
 i - a scroll of blinking
Potions
 b - a potion of might
 d - a potion of curing
 e - a potion of heal wounds
 f - a potion of haste
 g - 2 potions of magic
 h - 2 potions of berserk rage
Comestibles
 c - a bread ration


   Skills:
 + Level 7.0 Fighting
 + Level 7.5 Dodging
 + Level 3.0 Stealth
 + Level 7.0 Shields
 + Level 5.1 Unarmed Combat


You had 5 spell levels left.
You didn't know any spells.

Dungeon Overview and Level Annotations

Branches:
Dungeon (1/1)

Altars:
Makhleb
Xom
Jiyva
Lugonu


Innate Abilities, Weirdness & Mutations

You cannot wear most types of armour.
You are very stealthy in the water. (Stealth+)
You are amphibious.
You can wear up to eight rings at the same time.
You can use your tentacles to constrict eight enemies at once.
Your skin changes colour to match your surroundings (Stealth+).
Your rubbery body absorbs attacks. (AC +1, EV +1)


Message History

The kobold demonologist shouts!
The kobold demonologist gestures wildly while chanting.
A kobold demonologist comes into view. It is wielding a dagger.
The slime creature hits the kobold demonologist!
The kobold demonologist hits the slime creature with a dagger.
The slime creature misses the kobold demonologist.
A kobold demonologist opens the door.
The kobold demonologist gestures wildly while chanting.
The kobold demonologist shouts! 4 demonic crawlers come into view.
The demonic crawler gives a hideous shriek!
The slime creature hits the kobold demonologist.
The rust devil hits you.
* * * LOW HITPOINT WARNING * * *
The rust devil corrodes you!
The kobold demonologist hits the slime creature but does no damage.
The ice devil hits you.
* * * LOW HITPOINT WARNING * * *
The ice devil freezes you!
You die...

###################
..#.)'..#__#....JK#
.)'..#..'.....#4@G#
#'#####+#__####.4K'ss#
..# #### #####ss+ ###
##


You could see 4 demonic crawlers, an ice devil, a rust devil, 2 kobold
demonologists, a neutral slime creature (fellow slime) and a neutral floating
eye (fellow slime).

Vanquished Creatures
  Sigmund (D)
  An ogre (D)
  Ijyb (D)
3 creatures vanquished.

Notes
Turn   | Place    | Note
-------+----------+-------------------------------------------
     0 | D        | terra52 the Octopode Fighter began the quest for the Orb.
     0 | D        | Reached XP level 1. HP: 16/16 MP: 1/1
     1 | D        | Noticed Ijyb
    15 | D        | Killed Ijyb
    15 | D        | Reached XP level 2. HP: 9/22 MP: 2/2
    15 | D        | Reached XP level 3. HP: 11/27 MP: 3/3
   190 | D        | Noticed an ogre
   205 | D        | Killed an ogre
   205 | D        | Reached skill level 5 in Fighting
   205 | D        | Reached skill level 5 in Dodging
   205 | D        | Reached skill level 1 in Stealth
   205 | D        | Reached skill level 5 in Shields
   205 | D        | Reached XP level 4. HP: 15/36 MP: 4/4
   378 | D        | Noticed Sigmund
   385 | D        | Killed Sigmund
   385 | D        | Reached skill level 5 in Unarmed Combat
   385 | D        | Reached XP level 5. HP: 29/43 MP: 5/5
   385 | D        | Reached XP level 6. HP: 33/49 MP: 6/6
   513 | D        | Found a burning altar of Makhleb.
   513 | D        | Found a shimmering altar of Xom.
   513 | D        | Noticed a slime creature
   514 | D        | Found a viscous altar of Jiyva.
   514 | D        | Found a corrupted altar of Lugonu.
   526 | D        | Became a worshipper of Jiyva Jeladot the Shapeless
   537 | D        | Reached * piety under Jiyva
   541 | D        | Noticed a kobold demonologist
   541 | D        | Noticed a floating eye
   543 | D        | Noticed a kobold demonologist
   543 | D        | Noticed a rust devil
   545 | D        | Noticed an ice devil
   545 | D        | Noticed a demonic crawler
   545 | D        | Noticed a demonic crawler
   545 | D        | Noticed a demonic crawler
   545 | D        | Noticed a demonic crawler
   545 | D        | Slain by an ice devil

Vault maps used:
D:        dungeon_sprint_1

Skill      XL: |  1  2  3  4 |
---------------+-------------+-----
Fighting       | 4 5 7 |  7.0
Dodging        | 4 5 7 |  7.5
Shields        | 4 5 7 |  7.0
Stealth        | 1 3 |  3.0
Unarmed Combat | 3 5 |  5.1

Action                   |  1- 3 |  4- 6 || total
-------------------------+-------+-------++-------
Melee: Unarmed           |    24 |    14 ||    38
       Tentacles         |     5 |     4 ||     9
       Constrict         |     1 |     1 ||     2
       Punch             |     1 |       ||     1
 Stab: Sleeping          |     1 |     2 ||     3
Armor: Skin              |     1 |       ||     1
Dodge: Dodged            |    11 |     5 ||    16
Block: Shield            |     3 |     2 ||     5

Table legend:
 A = Spawn XP
 B = Non-spawn XP
 C = Spawn XP percentage of total XP
 D = Spawn monster count
 E = Non-spawn monster count
 F = Spawn count percentage of total count
 G = Total turns spent on level
                    A         B        C        D         E        F      G
               +---------+---------+-------+---------+---------+-------+---------
         Total |       0 |     386 |   0.0 |       0 |       3 |   0.0 |   545
               +---------+---------+-------+---------+---------+-------+---------
             D |       0 |     386 |   0.0 |       0 |       3 |   0.0 |   545
               +---------+---------+-------+---------+---------+-------+---------
